Cogmind - Beta 11.1 @@@ ROGUE MODE // 2022.05.22 @ 23:00:26 Player: DDRAGON Result: Destroyed by as-59879 with Assembled Heavy Rifle Performance ------------- Evolutions (0) 0 Regions Visited (2) 400 Robots Destroyed (17) 85 Value Destroyed (370) 370 Prototype IDs (0) 0 Alien Tech Used (0) 0 Bonus (16) 16 TOTAL SCORE: 871 Bonus ------- High Alert Combat Kills 16 Cogmind --------- Core Integrity 0/250 Matter 267/300 Energy 89/100 System Corruption 0% Temperature Cool (0) Movement Walking (120) Location -10/Mines Parts ------- > --- POWER (1) -------- (None) > --- PROPULSION (2) --- Flexi-carbon Leg > --- UTILITY (2) ------ Medium Storage Unit Structural Scanner > --- WEAPON (2) ------- (None) > --- INVENTORY (10) --- Wheel Wheel High-capacity Storage Unit Tractor Beam Medium Laser Peak State ------------ > --- POWER ------------ (None) > --- PROPULSION ------- Flexi-carbon Leg > --- UTILITY ---------- Medium Storage Unit Structural Scanner > --- WEAPON ----------- Rocket Launcher > --- INVENTORY -------- Wheel Wheel High-capacity Storage Unit Tractor Beam Medium Laser [Rating: 9] Favorites ----------- Power Light Ion Engine Engine Light Ion Engine Propulsion Aluminum Leg Leg Aluminum Leg Utility Medium Storage Unit Device Structural Scanner Storage Medium Storage Unit Protection Light Armor Plating Weapon Medium Laser Energy Gun Medium Laser Launcher Rocket Launcher Build | -11 -10 -10 ------- Run | Scr Mat Min Slots Evolved . | . . . Power . | . . . Propulsion . | . . . Utility . | . . . Weapon . | . . . Parts Attached 16 | 6 4 6 Power 1 | 1 . . Engine 1 | 1 . . Core . | . . . Reactor . | . . . Propulsion 4 | 2 1 1 Treads . | . . . Leg 4 | 2 1 1 Wheel . | . . . Hover . | . . . Flight . | . . . Utility 4 | 1 1 2 Device 1 | . . 1 Storage 2 | 1 . 1 Processor . | . . . Hackware . | . . . Protection 1 | . 1 . Artifact . | . . . Weapon 7 | 2 2 3 Energy Gun 3 | 2 1 . Energy Cannon . | . . . Ballistic Gun . | . . . Ballistic Cannon . | . . . Launcher 4 | . 1 3 Special Weapon . | . . . Impact Weapon . | . . . Slashing Weapon . | . . . Piercing Weapon . | . . . Special Melee Weapon . | . . . Unidentified Prototypes . | . . . Parts Lost 7 | . 2 5 Power 1 | . 1 . Propulsion 2 | . . 2 Utility 1 | . 1 . Weapon 3 | . . 3 Highest Loss Streak 5 | . 2 5 To Critical Strikes . | . . . Average Slot Usage (%) 82 | . 86 80 Engine 3 | . 9 . Leg 27 | . 28 27 Device 7 | . . 11 Storage 14 | . 14 14 Protection 2 | . 6 . Energy Gun 15 | . 20 13 Launcher 11 | . 7 13 Naked Turns . | . . . Heaviest Build 17 | 12 17 17 Greatest Support 20 | 20 20 20 Greatest Overweight (x) 4 | . . 4 Average Overweight (x) . | . . . Largest Inventory Capacity 10 | 8 8 10 Average Capacity 8 | 6 8 9 Most Carried 7 | 2 6 7 Average Carried 5 | . 4 5 Final Capacity 10 | 8 8 10 Final Carried 6 | 2 6 5 Class Distribution -------------------- 100% | Mutant Dominant Class ---------------- Mutant | -10/Materials Mutant | -10/Mines Resources | -11 -10 -10 ----------- Run | Scr Mat Min Matter Collected 457 | 237 129 91 Remotely . | . . . Salvage Created 305 | . 219 86 Parts 25 | . 9 16 Haulers Intercepted 1 | . 1 . Recyclers Shooed . | . . . Parts Field Recycled . | . . . Retrieved Matter . | . . . Parts Self-Destructed . | . . . Prevented . | . . . Kills | -11 -10 -10 ------- Run | Scr Mat Min Combat Hostiles Destroyed 11 | . 5 6 Guns 5 | . 2 3 AOE 6 | . 3 3 Classes Destroyed 6 | . 5 1 Worker 3 | . 2 1 Hauler 1 | . 1 . Operator 1 | . 1 . Watcher 1 | . 1 . Swarmer 6 | . . 6 Grunt 5 | . 5 . Best Kill Streak 5 | . 5 4 Combat Bots Only 3 | . 2 3 Max Kills in Single Turn 4 | . 2 4 Gunslinging . | . . . Exploded 3 | . 1 3 Melee . | . . . Uniques/NPCs Destroyed . | . . . Combat | -11 -10 -10 -------- Run | Scr Mat Min Damage Taken 993 | . 476 517 Core 254 | . 70 184 Absorbed by Shields . | . . . Core Remaining (%) 100 | 100 . . Volleys Fired 35 | . 19 16 Largest 2 | . 2 2 Hottest 100 | . 100 83 Shots Fired 55 | . 38 17 Gun 39 | . 26 13 Cannon . | . . . Launcher 16 | . 12 4 Special . | . . . Kinetic . | . . . Thermal 39 | . 26 13 Explosive 16 | . 12 4 Electromagnetic . | . . . Robot Hit Streak 5 | . 5 2 Robot Miss Streak 4 | . 4 4 Penetration Max . | . . . Secondary Targets . | . . . Shots Hit Robots 28 | . 20 8 Core Hits 26 | . 18 8 Critical Kills . | . . . Critical Parts Destroyed . | . . . Critical Strikes . | . . . Melee Attacks . | . . . Impact . | . . . Slashing . | . . . Piercing . | . . . Sneak Attacks . | . . . Combat Hostiles . | . . . Follow-up Attacks . | . . . Damage Inflicted 1166 | . 853 313 Guns 247 | . 172 75 Cannons . | . . . Explosions 901 | . 673 228 Melee . | . . . Ramming 18 | . 8 10 Kinetic . | . . . Thermal 247 | . 172 75 Explosive 901 | . 673 228 Electromagnetic . | . . . Impact . | . . . Slashing . | . . . Piercing . | . . . Highest Corruption . | . . . Average Corruption . | . . . Corruption Purged . | . . . Corruption Blocked . | . . . Overload Shots . | . . . Overflow Damage 31 | . 18 13 Projectiles . | . . . Explosions 31 | . 18 13 Melee . | . . . Knockbacks . | . . . Impact . | . . . Kinetic . | . . . Secondary . | . . . Self-Inflicted Damage 44 | . 44 . Shots 1 | . 1 . Rammed . | . . . Targets Rammed 6 | . 2 4 Kicked 6 | . 2 4 Crushed . | . . . Highest Temperature 269 | . 269 6 Average Temperature 100 | . 103 4 Received Heat Transfer 293 | . 273 20 Siege Activations . | . . . Robots Corrupted . | . . . Combat Hostiles . | . . . Parts Fried . | . . . Impact Corruptions . | . . . Robots Melted . | . . . Combat Hostiles . | . . . Parts Melted 2 | . 2 . Heat Transferred 740 | . 518 222 Parts Sabotaged . | . . . Parts Stolen . | . . . Parts Stripped . | . . . Power Chain Reactions . | . . . Missiles Intercepted . | . . . Alert | -11 -10 -10 ------- Run | Scr Mat Min Peak Influence 470 | . 470 352 Initial 183 | . . 183 Average 235 | . 282 240 Maximum Alert Level 2 | . 2 1 Low Security (%) 42 | 100 22 44 Level 1 44 | . 35 55 Level 2 13 | . 42 . Level 3 . | . . . Level 4 . | . . . Level 5 . | . . . High Security . | . . . Max Security . | . . . Squads Dispatched 1 | . 1 . Investigation . | . . . Extermination . | . . . Reinforcement 1 | . 1 . Assault . | . . . Garrison . | . . . Intercept . | . . . Searches Triggered . | . . . Construction Impeded . | . . . Haulers Reinforced . | . . . Active Scanning Responses . | . . . Cargo Convoy Interrupts . | . . . Stealth | -11 -10 -10 --------- Run | Scr Mat Min Distress Signals 3 | . 3 . Communications Jammed . | . . . Distress Signals . | . . . Times Spotted 28 | . 10 18 Peak Tracking Total 7 | . 4 7 Tactical Retreats . | . . . Traps | -11 -10 -10 ------- Run | Scr Mat Min Traps Triggered . | . . . Indirectly . | . . . Trap Hack Attempts . | . . . Triggered . | . . . Disarmed . | . . . Reprogrammed . | . . . Reused . | . . . Traps Extracted . | . . . Installed . | . . . Triggered . | . . . Machines | -11 -10 -10 ---------- Run | Scr Mat Min Machines Disabled 9 | . 9 . Max in Single Turn 2 | . 2 . Machines Sabotaged . | . . . Garrisons Compromised . | . . . Overloaded Fab Kills . | . . . Hacking | -11 -10 -10 --------- Run | Scr Mat Min Machines Accessed 1 | . 1 . Terminals . | . . . Fabricators . | . . . Repair Stations . | . . . Recycling Units 1 | . 1 . Scanalyzers . | . . . Garrison Access . | . . . Total Hacks 5 | . 5 . Successful 1 | . 1 . Failed 4 | . 4 . Catastrophic . | . . . Database Lockouts . | . . . Manual . | . . . Terminals . | . . . Fabricators . | . . . Repair Stations . | . . . Recycling Units 5 | . 5 . Scanalyzers . | . . . Garrison Access . | . . . Terminal Hacks . | . . . Fabricator Hacks . | . . . Repair Station Hacks . | . . . Recycling Unit Hacks 1 | . 1 . Report Inventory 1 | . 1 . Scanalyzer . | . . . Garrison Access Hacks . | . . . Unauthorized Hacks . | . . . Terminals . | . . . Fabricators . | . . . Repair Stations . | . . . Recycling Units . | . . . Scanalyzers . | . . . Garrison Access . | . . . Data Cores Recovered . | . . . Used . | . . . Hacking Detections 1 | . 1 . Full Trace Events 1 | . 1 . Feedback Events . | . . . Feedback Blocked . | . . . Robot Schematics Acquired . | . . . Robots Built . | . . . Authchips . | . . . Time . | . . . Total Robot Build Rating . | . . . Part Schematics Acquired . | . . . Parts Built . | . . . Authchips . | . . . Time . | . . . Total Part Build Rating . | . . . Parts Repaired . | . . . Time . | . . . Parts Recycled . | . . . Recycled Matter . | . . . Retrieved Matter . | . . . Retrieved Components . | . . . Parts Scanalyzed . | . . . Part Schematics Acquired . | . . . Parts Damaged . | . . . Bothacking | -11 -10 -10 ------------ Run | Scr Mat Min Used RIF Installer . | . . . Robots Hacked . | . . . Non-combat . | . . . Combat . | . . . Robot Hacks Applied . | . . . Relay Couplers Released . | . . . Fabnet Peak Effective % . | . . . Robots Rewired . | . . . Allies Hacked . | . . . Hacks Repelled . | . . . Allies | -11 -10 -10 -------- Run | Scr Mat Min Total Allies . | . . . Largest Group . | . . . Highest-Rated Group . | . . . Highest-Rated Ally . | . . . Total Orders . | . . . Ally Attacks . | . . . Total Damage . | . . . Kills . | . . . Allies Corrupted . | . . . Allies Melted . | . . . Intel | -11 -10 -10 ------- Run | Scr Mat Min Robot Analysis Total . | . . . Derelict Logs Recovered . | . . . Drone Launches . | . . . Drone Recoveries . | . . . Exploration | -11 -10 -10 ------------- Run | Scr Mat Min Turns Passed 880 | 68 277 535 Spaces Moved 623 | 53 174 396 Core 15 | 9 . 6 Treads . | . . . Legs 608 | 44 174 390 Wheels . | . . . Hover . | . . . Flight . | . . . Fastest Speed 50 | 50 120 120 Average Speed 120 | 108 120 121 Slowest Speed 250 | 120 120 250 Overloaded Moves . | . . . Propulsion Burnouts . | . . . Robots Hopped . | . . . Cave-ins Triggered . | . . . Exploration Rate (%) 36 | 6 45 57 Regions Visited 2 Branch Regions 1 Pre-discovered Areas . | . . . Known Exits Taken . | . . . Unknown Exits Taken 2 | 1 1 . Scrap Searched 2 | . . 2 Spaces Dug . | . . . Terrain Destroyed 71 | . 49 22 Melee . | . . . Projectile . | . . . AOE 71 | . 49 22 Terrain Rammed . | . . . Walls Destroyed . | . . . Machines Disabled . | . . . Actions | -11 -10 -10 --------- Run | Scr Mat Min Total 695 | 60 204 431 Wait 2 | . 1 1 Move 621 | 52 173 396 Hop . | . . . Pick Up 7 | 2 3 2 Fast Attach 10 | 6 1 3 Attach 5 | . 2 3 Detach 5 | . 2 3 Swap 1 | . 1 . Drop 3 | . . 3 Fire 35 | . 19 16 Melee . | . . . Ram . | . . . Kick 6 | . 2 4 Crush . | . . . Escape Stasis . | . . . Rewire . | . . . Trap . | . . . Miscellaneous . | . . . Route ------- -11/Scrapyard -10/Materials -10/Mines (discovered 2 exits: [*Mat x2]) History --------- Turn | Location | Event 5 | -11/Scrapyard | Discovered new exit (range 15) 69 | -11/Scrapyard | Entered Materials 256 | -10/Materials | Discovered new exit (range 16) 318 | -10/Materials | Build established: Mutant 346 | -10/Materials | Entered Mines 368 | -10/Mines | Discovered new exit (range 5) 412 | -10/Mines | Discovered new exit (range 9) 558 | -10/Mines | Received a Rocket Launcher from a helpful Derelict 836 | -10/Mines | Assembled infested the area 841 | -10/Mines | Assisted by a Guerilla fighting off Assembled 863 | -10/Mines | Core integrity fell below 50% 876 | -10/Mines | Core integrity fell below 20% 881 | -10/Mines | Destroyed by as-59879 with Assembled Heavy Rifle Last Messages --------------- 00851_ EO-UDU(h) destroyed. 00853_ R-06 Scavenger destroyed. 00855_ Med. Laser destroyed. 00855_ R-06 Scavenger destroyed. 00860_ Aluminum Leg destroyed. 00860_ Rocket Launcher destroyed. 00862_ Aluminum Leg destroyed. 00865_ as-92915 destroyed. 00865_ as-16654 destroyed. 00867_ as-98606 destroyed. 00872_ as-82879 destroyed. 00872_ as-95398 destroyed. 00872_ as-73779 destroyed. 00874_ D-53 Grenadier destroyed. 00875_ R-06 Scavenger collects Lgt. Assault Rifle. 00876_ The unstable cave ceiling collapses. 00878_ Acquired Flexi-carbon Leg. 00879_ Rocket Launcher destroyed. 00879_ R-06 Scavenger collects Flexi-carbon Leg. 00880_ The unstable cave ceiling collapses. Map ----- +----------------------------------------------------+ | ??????????### #####???############## | | ??????????### ##### #####??### ####### | | ???????????######## ###??## #### | | ???????????####??### ###### #### | | ?????????????????### ###### #### | | ??????????????????### ## ### | | ??????????????????#### ## ## ### | | ???????????######??#### ### ## | | ??????????########??######## ## | | ??????####### ############# ## !###### ## | | ??????###### ######????## ### ###### ## | | ??????##! ####???## =###### ## | | ??????## #### ############ #### ## | | ??????## ##### ############ ## ### | | ???????# #?#### ###########% ## ### | | ????#### ####### ## ### | | ????#### ####### ### #### | | ????## # = =################## #### | | ????## k ################## #### | | ????## ##### ####????????????## #### | | ????## ##### #####???????????## #### | | ????## #### ####???????????## | | ????# < ####% " "r #####????????####### | | ???## #### ######???????####### | | ???# ### ###????????????## | | ???# """ #### = @r ###???????????## | | ???# """ #### ###???????????## | | ???## """ ### ###????????????? | | ????# #### # % ######?????????? | | ????# ####### % ######????????? | | ????# ####??####### a ###????????? | | ????# #???????##### % ######????? | | ????# #?####?????### ! ######? ? | | ????# ### ##????### ##? | | ????# ## #?????### a ###? | | ????# #?????#### a ###=#######?? | | ????# """ #??????##### a ### #######?? | | ????# """ ##?????###### ##??????? | | ????# """ #????????#### #### ????????? | | ????## ##????????########## ????????? | | ?????# ###???????#######???????????? | | ?????# ##????????????????????????? | | ?????## #????????????????????????? | | ??????## ##????????????????????????? | | ???????####### ###?????????????????????????? | | ?????????????# #???????????????????????????? | | ?????????????# #???????????????????????????? | | ?????????????# #???????????????????????????? | | ?????????????# #???????????????????????????? | | ????????###### #???????????????????????????? | +----------------------------------------------------+ Best States ------------- Heat Dissipation 25 Energy Generation 10 Energy Capacity 125 Matter Stores 300 Matter Capacity 300 Sight Range 16 Terrain Scan Density 10 Armor Coverage 150 Evasion (%) 55 Item Schematics ----------------- None Robot Schematics ------------------ None Fabricated ------------ Nothing Alien Tech Used ----------------- None Achievements -------------- None Challenges ------------ None Game ------ Seed NuclearIonicTrap Manual? 0 Play Time 00:09:38 Cumulative 12.3 hours Start 2022.05.22 @ 22:51:39 End 2022.05.22 @ 23:00:26 Sessions 1 Manual Loads 0 Difficulty Rogue Special Mode None Game No. 20 Rogue 20 Adventurer 0 Explorer 0 Win Type - Total 0 Types 0/0/0/0/0/0/0/0/0 Lore% 12 Gallery% 24 Achievement% 16 Wizard Run 0 Options --------- ASCII 0 Keyboard 1 Movement Numpad Keybinds 0 Fullscreen 1 Font 24/Proggy Map View 76x50 Tactical HUD 1 Map Filters NONE Filters NONE Steam 1 RUN: 1a06a927-658d-464f-85da-690ac04065ab